 Dungeon Crawl Stone Soup version 0.23-a0-454-gae4fabde77 (webtiles) character file.

5915 Iloish the Geomancer (level 10, -2/58 HPs)
             Began as a Gargoyle Earth Elementalist on Nov 24, 2018.
             Was an Elder of Vehumet.
             Slain by a troll (12 damage)
             ... on level 9 of the Dungeon.
             The game lasted 00:35:32 (11339 turns).

Iloish the Geomancer (Gargoyle Earth Elementalist) Turns: 11339, Time: 00:35:33

Health: -2/58      AC: 18    Str: 15    XL:     10   Next: 83%
Magic:  20/20      EV: 13    Int: 18    God:    Vehumet [****..]
Gold:   434        SH:  0    Dex: 10    Spells: 14/23 levels left

rFire    + . .     SeeInvis .   x - +2 flail (crush)
rCold    . . .     Gourm    .   (no shield)
rNeg     + + .     Faith    .   c - +0 robe
rPois    ∞         Spirit   .   m - +2 helmet
rElec    +         Reflect  .   (no cloak)
rCorr    .         Harm     .   j - +2 pair of gloves
MR       ++++.     Clarity  +   (no boots)
Stlth    ++........             y - amulet of the Four Winds {rN+ MR+++ Clar}
HPRegen  0.19/turn              u - ring of protection from fire
MPRegen  0.17/turn              g - ring of protection from magic

@: about to teleport
A: slimy green scales 1, negative energy resistance 1, electricity resistance,
strong 1, unbreathing, petrification resistance, rot immunity, MP-powered wands,
AC +7
a: Renounce Religion


You were on level 9 of the Dungeon.
You worshipped Vehumet.
Vehumet was greatly pleased with you.
You were not hungry.

You visited 1 branch of the dungeon, and saw 10 of its levels.
You also visited: Sewer and Ossuary.

You collected 434 gold pieces.

Inventory:

Hand Weapons
 x - a +2 flail of crushing (weapon)
Missiles
 b - 243 stones (quivered)
Armour
 c - a +0 robe (worn)
 j - a +2 pair of gloves (worn)
 m - a +2 helmet (worn)
Jewellery
 g - a ring of protection from magic (right hand)
 l - an uncursed amulet of the acrobat {unknown}
 t - an uncursed ring of flight
 u - a ring of protection from fire (left hand)
 y - the amulet of the Four Winds (around neck) {rN+ MR+++ Clar}
   (You found it on level 7 of the Dungeon)

   [amulet of nothing]

   It protects you from negative energy.
   It affects your resistance to hostile enchantments.
   It protects you against confusion.
Scrolls
 h - 5 scrolls of remove curse
 r - a scroll of magic mapping
 s - a scroll of immolation
 w - a scroll of fear
 A - a scroll of enchant armour
Potions
 e - 2 potions of berserk rage
 f - a potion of magic
 i - 3 potions of brilliance
 k - 4 potions of curing
 n - 3 potions of might
 o - 5 potions of heal wounds
 p - 5 potions of lignification
 v - a potion of haste
 z - a potion of cancellation
Comestibles
 d - 14 rations


   Skills:
 + Level 4.5 Fighting
 + Level 4.1 Maces & Flails
 + Level 4.6 Armour
 + Level 3.9 Dodging
 - Level 2.1 Stealth
 + Level 7.1 Spellcasting
 + Level 7.8 Conjurations
   Level 0.7 Transmutations
 + Level 9.6 Earth Magic
 + Level 3.0 Evocations


You had 14 spell levels left.
You knew the following spells:

 Your Spells              Type           Power        Failure   Level  Hunger
a - Sandblast             Erth           #####.       1%          1    None
b - Stone Arrow           Conj/Erth      #####.       1%          3    ##.....
c - Lee's Rapid Deconstr  Erth           #####.....   1%          5    #####..

Your spell library contained the following spells:

 Spells                   Type           Power        Failure   Level  Hunger
 Bolt of Magma            Conj/Fire/Erth ####......   7%          5    #####..
 Magic Dart               Conj           ####         1%          1    None
 Sting                    Conj/Pois      ###.         1%          1    None
 Passwall                 Tmut/Erth      ####....     1%          2    None
 Searing Ray              Conj           ####..       1%          2    None
 Dazzling Spray           Conj/Hex       ###...       1%          3    ##.....
 Iskenderun's Mystic Bla  Conj           ####....     1%          4    ####...
 Mephitic Cloud           Conj/Pois/Air  ###.....     3%          3    ##.....
 Force Lance              Conj/Tloc      ###.....     6%          4    ####...
 Fulminant Prism          Conj/Hex       ###.......   6%          4    ####...
 Confusing Touch          Hex            #.....       11%         1    None
 Petrify                  Tmut/Erth      ####....     13%         4    ####...
 Poisonous Vapours        Pois/Air       #.....       16%         2    None
 Venom Bolt               Conj/Pois      ###.......   16%         5    #####..
 Olgreb's Toxic Radiance  Pois           #.......     26%         4    ####...
 Confuse                  Hex            #.......     32%         3    ##.....
 Gell's Gravitas          Tloc           #.........   32%         3    ##.....
 Yara's Violent Unravell  Hex/Tmut       #.........   52%         5    #####..
 Metabolic Englaciation   Hex/Ice        #.........   96%         5    #####..


Dungeon Overview and Level Annotations

Branches:
Dungeon (10/15)            Temple (0/1) D:5
   Lair: D:8-11         Orc: D:9-12

Altars:
Cheibriados
Elyvilon
Fedhas
Hepliaklqana
Kikubaaqudgha
Nemelex Xobeh
Qazlal
Trog
Vehumet
Wu Jian
Lugonu

Shops:
D:4 (


Innate Abilities, Weirdness & Mutations

You are resistant to torment.
Your stone body is resilient. (AC +7)
You are immune to poison.
You resist negative energy. (rN+)
You are resistant to electric shocks. (rElec)
You can survive without breathing.
You are immune to petrification.
You are immune to rotting.
You are partially covered in slimy green scales. (AC +2)
Your muscles are strong. (Str +2)
You expend magic power (3 MP) to strengthen your wands.


Message History

The kobold hits you but does no damage. The troll bites you.
* * * LOW HITPOINT WARNING * * *
The troll closely misses you. The troll claws you but does no damage.
The worker ant bites you but does no damage.
The kobold misses you. The hungry ghost barely misses you.
The kobold hits you but does no damage. The kobold misses you.
The kobold closely misses you.
Unknown command.
You hit the troll.
The troll is almost dead.
The worker ant barely misses you. The kobold hits you but does no damage.
The troll completely misses you. The troll misses you.
The troll barely misses you. The kobold hits you but does no damage.
The hungry ghost closely misses you. The kobold misses you.
The worker ant bites you but does no damage.
The kobold barely misses you.
The kobold hits you with a +0 short sword.
* * * LOW HITPOINT WARNING * * *
The troll bites you!
You die...

#..............#.###..## #......
..#.#.............##...#####..###
..#..#...#.#.#.#.###.............
.....###.#.#.#.#.# #..........#..
.........#.....#.###.............
...#.##...##......##.............
...#.##...+.......####........#..
...#.##...###..aWT####...........
...#..+...[.)..K@K............#..
...#.##..<###..KKK............#..
...#.##...# #####........##...#..
...'.##...# #...#.#.#....##..
...######.#######...#.#.###..##..
#####...............#............
#....................##.####.
#.........####.......##.# #..
#.##.##.### #..#..#.##.# #..


You could see a troll, a hungry ghost, a worker ant and 5 kobolds.

Vanquished Creatures
  2 rust devils (D:8)
  An orange demon (D:8)
  A hippogriff (D:9)
  2 yaks (D:7)
  2 hogs (D:7)
  A human (D:7)
  2 ice beasts
  Purgy (Sewer)
  4 orc warriors
  A hornet zombie (D:9)
  2 sky beasts
  A necrophage (D:8)
  3 ogres
  4 centaurs
  2 big kobolds
  Blork the orc (D:6)
  2 elf zombies (Ossuary)
  5 bullfrogs
  A water moccasin skeleton (D:6)
  A scorpion (D:9)
  4 killer bees (D:9)
  An electric eel (D:8)
  A crimson imp (D:8)
  2 howler monkeys
  2 centaur zombies
  A bullfrog zombie (D:7)
  5 iron imps (D:8)
  A centaur skeleton (D:5)
  8 orc wizards
  2 human zombies (Ossuary)
  5 orc priests
  2 hounds
  A bullfrog skeleton (D:5)
  An iguana (D:5)
  Natasha (thrice) (D:2)
  6 worker ants
  2 big kobold zombies (Ossuary)
  3 mummies
  A worker ant zombie (D:6)
  3 gnolls (D:5)
  12 adders
  An ooze (D:7)
  An adder zombie (D:5)
  5 worms
  4 dart slugs (D:3)
  5 leopard geckos
  34 orcs
  7 bats
  2 giant cockroaches
  6 goblins
  2 hobgoblins
  25 jackals
  13 kobolds
  3 quokkas
  2 ball pythons
  9 frilled lizards
  A goblin zombie (Ossuary)
  12 hobgoblin zombies
  A jackal zombie (Ossuary)
  7 kobold zombies (Ossuary)
  9 orc zombies
  A rat (D:1)
  2 rat zombies (Ossuary)
257 creatures vanquished.

Notes
Turn   | Place    | Note
-------+----------+-------------------------------------------
     0 | D:1      | Iloish the Gargoyle Earth Elementalist began the quest for
                  | the Orb.
     0 | D:1      | Reached XP level 1. HP: 10/10 MP: 3/3
   106 | D:1      | Reached skill level 4 in Earth Magic
   106 | D:1      | Reached XP level 2. HP: 7/15 MP: 0/5
  1022 | D:1      | Reached XP level 3. HP: 15/19 MP: 6/6
  1030 | D:1      | Learned a level 3 spell: Stone Arrow
  1298 | D:2      | Noticed Natasha
  1309 | D:2      | Killed Natasha
  1309 | D:2      | Reached skill level 1 in Conjurations
  1309 | D:2      | Reached XP level 4. HP: 22/24 MP: 6/8
  1463 | D:2      | Found a hazy altar of Hepliaklqana.
  1626 | D:2      | Noticed Natasha
  1644 | D:2      | Killed Natasha
  2047 | D:2      | Found a bloodstained altar of Trog.
  2048 | D:2      | Found an ancient bone altar of Kikubaaqudgha.
  2048 | D:2      | Found a blossoming altar of Fedhas.
  2050 | D:2      | Found a snail-covered altar of Cheibriados.
  2050 | D:2      | Found an ornate altar of the Wu Jian Council.
  2051 | D:2      | Found a radiant altar of Vehumet.
  2062 | D:2      | Became a worshipper of Vehumet
  2188 | D:3      | Reached skill level 5 in Earth Magic
  2289 | D:3      | Found a faded altar of an unknown god.
  2327 | D:3      | Reached XP level 5. HP: 23/28 MP: 5/9
  2334 | D:3      | Learned a level 5 spell: Lee's Rapid Deconstruction
  2633 | D:2      | Noticed Natasha
  2640 | D:2      | Killed Natasha
  2682 | D:3      | Reached XP level 6. HP: 31/32 MP: 7/11
  2946 | D:3      | Gained mutation: Your muscles are strong. (Str +2) [potion
                  | of mutation]
  2946 | D:3      | Gained mutation: You expend magic power (3 MP) to
                  | strengthen your wands. [potion of mutation]
  2946 | D:3      | Gained mutation: You are partially covered in slimy green
                  | scales. (AC +2) [potion of mutation]
  3160 | D:4      | Reached * piety under Vehumet
  3160 | D:4      | Offered knowledge of Sting by Vehumet.
  3314 | D:4      | Found a glowing drain.
  3321 | Sewer    | Entered a sewer
  3651 | Sewer    | Noticed Purgy
  3660 | Sewer    | Killed Purgy
  3660 | Sewer    | Reached skill level 6 in Earth Magic
  3660 | Sewer    | Reached XP level 7. HP: 26/36 MP: 1/13
  3872 | D:4      | Found Kixelewk's Antique Weapon Boutique.
  4541 | D:5      | Entered Level 5 of the Dungeon
  4541 | D:5      | Found a white marble altar of Elyvilon.
  4771 | D:5      | Found a sand-covered staircase.
  4781 | Ossuary  | Entered an ossuary
  5011 | Ossuary  | Offered knowledge of Throw Frost by Vehumet.
  5046 | Ossuary  | Reached ** piety under Vehumet
  5137 | Ossuary  | Reached skill level 5 in Spellcasting
  5137 | Ossuary  | Reached skill level 7 in Earth Magic
  5268 | Ossuary  | Reached XP level 8. HP: 6/41 MP: 15/15
  5835 | Ossuary  | Reached skill level 5 in Conjurations
  6134 | D:5      | Found a staircase to the Ecumenical Temple.
  6471 | D:6      | Reached skill level 8 in Earth Magic
  6500 | D:6      | Noticed Blork the orc
  6506 | D:6      | Killed Blork the orc
  6864 | D:6      | Offered knowledge of Ignite Poison by Vehumet.
  6866 | D:6      | Reached skill level 1 in Fighting
  7188 | D:6      | Reached skill level 1 in Maces & Flails
  7188 | D:6      | Reached skill level 1 in Armour
  7188 | D:6      | Reached skill level 1 in Evocations
  7188 | D:6      | Reached XP level 9. HP: 36/47 MP: 10/18
  7603 | D:6      | Reached *** piety under Vehumet
  8184 | D:7      | Found the amulet of the Four Winds {rN+ MR+++ Clar}
  8272 | D:7      | Offered knowledge of Inner Flame by Vehumet.
  8598 | D:8      | Noticed an orange demon
  8598 | D:8      | Found a corrupted altar of Lugonu.
  8599 | D:8      | Noticed a rust devil
  8599 | D:8      | Noticed a rust devil
  8690 | D:8      | Reached skill level 9 in Earth Magic
  8703 | D:8      | Reached XP level 10. HP: 56/56 MP: 12/19
  8722 | D:8      | Killed an orange demon
  9289 | D:8      | Reached **** piety under Vehumet
  9317 | D:8      | Found a stormy altar of Qazlal.
  9668 | D:8      | Killed a rust devil
  9679 | D:8      | Killed a rust devil
 10016 | D:9      | Offered knowledge of Bolt of Magma by Vehumet.
 10314 | D:9      | Found a sparkling altar of Nemelex Xobeh.
 11267 | D:10     | Entered Level 10 of the Dungeon
 11339 | D:9      | Slain by a troll

Vault maps used:
D:1:      dpeg_arrival_round_b, serial_bayou_lagoon_a
D:2:      lemuel_doored_altar, grunt_temple_overflow_open, uniq_natasha
D:3:      first_ration, chequers_ecumenical_altar_simple
D:4:      cheibrodos_sewer_entry_bend, serial_glass, glass_columns_b,
          glass_columns_b, serial_shops, kennysheep_mini
D:5:      minmay_temple_entry_enclosed_plants, basic_altar,
          nicolae_ossuary_entry_giza
D:6:      kennysheep_small_square, uniq_blork_the_orc
D:7:      grunt_livestock
D:8:      grunt_qazlal_sundering, minivault_14, lemuel_hellish_altar
D:9:      lemuel_crystal_altar
D:10:     minmay_orc_entry_temple_small, serial_bayou, serial_bayou_shore_a,
          serial_bayou_pond_d, serial_bayou_ford_a, serial_bayou_shore_b,
          serial_shops, kennysheep_little_box, shop, shop_statue
Sewer:    sewer_the_crocodile
Ossuary:  ossuary_tomb_1

Skill      XL: |  1  2  3  4  5  6  7  8  9 10 |
---------------+-------------------------------+-----
Earth Magic    | 4 5 6 7 8 9 |  9.6
Conjurations   | 1 2 3 4 6 7 |  7.8
Spellcasting   | 3 4 5 6 7 |  7.1
Fighting       | 1 3 4 |  4.5
Maces & Flails | 1 2 4 |  4.1
Armour         | 1 3 4 |  4.6
Dodging        | 2 3 |  3.9
Evocations     | 1 2 3 |  3.0
Stealth        | |  2.1
Transmutations | |  0.7

Action                   |  1- 3 |  4- 6 |  7- 9 | 10-12 || total
-------------------------+-------+-------+-------+-------++-------
Melee: Unarmed           |    10 |    18 |       |       ||    28
       Club              |    63 |   147 |   255 |       ||   465
       Long sword        |       |       |    22 |       ||    22
       Flail             |       |       |   104 |   218 ||   322
Throw: Javelin           |       |     3 |       |       ||     3
       Stone             |       |     1 |       |       ||     1
 Cast: Sandblast         |    17 |    43 |    99 |    77 ||   236
       Lee's Rapid Decon |       |     2 |     9 |     1 ||    12
       Stone Arrow       |       |     2 |     3 |     3 ||     8
Evoke: Wand              |       |       |     5 |       ||     5
  Use: Scroll            |       |    19 |     8 |     2 ||    29
       Potion            |       |     5 |     2 |     2 ||     9
 Stab: Sleeping          |     1 |     4 |     3 |     1 ||     9
  Eat: Chunk             |     1 |     7 |    13 |     7 ||    28
       Ration            |       |     1 |     2 |     1 ||     4
Armor: Robe              |    45 |   108 |   219 |   186 ||   558
       Skin              |       |    15 |       |       ||    15
Dodge: Dodged            |   103 |   217 |   316 |   284 ||   920
       Rpst.: Long sword |       |       |     7 |       ||     7

Table legend:
 A = Non-vault XP
 B = Vault XP
 C = Vault XP percentage of total XP
 D = Non-vault monster count
 E = Vault monster count
 F = Vault count percentage of total count
                 A         B        C        D         E       F
            +---------+---------+-------+---------+---------+-------
      Total |    4783 |    3667 |  43.4 |     188 |      69 |  26.8
            +---------+---------+-------+---------+---------+-------
        D:1 |      47 |       0 |   0.0 |      26 |       0 |   0.0
        D:2 |     105 |      35 |  25.0 |      16 |       1 |   5.9
        D:3 |     188 |       0 |   0.0 |      24 |       0 |   0.0
        D:4 |     309 |      10 |   3.1 |      15 |       2 |  11.8
        D:5 |     426 |      20 |   4.5 |      16 |       3 |  15.8
        D:6 |     937 |     502 |  34.9 |      27 |       5 |  15.6
        D:7 |     287 |     991 |  77.5 |       6 |       5 |  45.5
        D:8 |     839 |    1523 |  64.5 |      30 |       8 |  21.1
        D:9 |    1430 |       0 |   0.0 |      26 |       0 |   0.0
       D:10 |     215 |       0 |   0.0 |       2 |       0 |   0.0
      Sewer |       0 |     143 | 100.0 |       0 |       6 | 100.0
    Ossuary |       0 |     443 | 100.0 |       0 |      39 | 100.0
            +---------+---------+-------+---------+---------+-------
